 Dungeon Crawl Stone Soup version 0.30.0-5-g1a98f26d00 (webtiles) character file.

Game seed: 836256862358853592

16 croobank the Trooper (level 2, -17/43 HPs)
             Began as a Gnoll Wanderer on May 12, 2023.
             Killed by an exploding gnoll (19 damage)
             ... ignited by their inner flame
             ... on level 1 of the Dungeon.
             The game lasted 00:05:23 (900 turns).

croobank the Trooper (Gnoll Wanderer)                Turns: 900, Time: 00:05:24

Health: -17/43     AC: 21    Str:  9    XL:     2   Next: 58%
Magic:  5/5        EV:  2    Int: 11    God:
Gold:   39         SH:  0    Dex: 13    Spells: 6/6 levels left

rFire   . . .        a - +0 dagger
rCold   . . .        (no shield)
rNeg    . . .        d - melded +0 robe
rPois   +            g - melded +0 helmet
rElec   .            (cloak currently unavailable)
rCorr   .            k - melded +0 pair of gloves
SInv    .            n - melded +0 pair of boots
Will    .....        (no amulet)
Stlth   ++           (no ring)
HPRegen 0.27/turn    (no ring)
MPRegen 0.09/turn

%: no passive effects
@: tree-form
A: stationary, stasis, torment immunity, boosted hp, (fangs 1), strong nose,
distributed training, (deformed body), (poison resistance)
a: no special abilities


You were on level 1 of the Dungeon.
You were a tree.
You visited 1 branch of the dungeon, and saw 2 of its levels.

You collected 39 gold pieces.

Inventory:

Hand Weapons
 a - a +0 dagger (weapon)
Missiles
 m - 4 boomerangs (quivered)
Armour
 d - a +0 robe (melded)
 g - a +0 helmet (melded)
 k - a +0 pair of gloves (melded)
 n - a +0 pair of boots (melded)
Magical Staves
 o - a staff of death
Jewellery
 f - a ring of magical power
Scrolls
 b - a scroll of silence
 h - a scroll of identify
 i - a scroll of magic mapping
Potions
 e - a potion of attraction


   Skills:
 + Level 6.5 Fighting
 + Level 0.5 Short Blades
 + Level 0.5 Long Blades
 + Level 0.5 Axes
 + Level 0.5 Maces & Flails
 + Level 0.5 Polearms
 + Level 0.5 Staves
 + Level 0.5 Ranged Weapons
 + Level 0.5 Throwing
 + Level 0.5 Armour
 + Level 0.5 Dodging
 + Level 2.3 Stealth
 + Level 0.5 Shields
 + Level 0.5 Unarmed Combat
 + Level 2.7 Spellcasting
 + Level 0.3 Conjurations
 + Level 0.3 Hexes
 + Level 0.3 Summonings
 + Level 5.3 Necromancy
 + Level 0.3 Translocations
 + Level 0.3 Transmutations
 + Level 0.3 Fire Magic
 + Level 0.3 Ice Magic
 + Level 0.3 Air Magic
 + Level 0.3 Earth Magic
 + Level 0.3 Poison Magic
 + Level 0.6 Invocations
 + Level 4.5 Evocations


You had 6 spell levels left.
You didn't know any spells.
Your spell library contained the following spells:

 Spells                   Type           Power      Damage    Failure   Level
 Necrotise                Necr           52%        1d6       3%          1
 Kiss of Death            Conj/Necr      28%        2d7       9%          1
 Apportation              Tloc           4%         N/A       24%         1
 Tukima's Dance           Hex            2%         N/A       56%         3
 Anguish                  Hex/Necr       3%         N/A       63%         4
 Passage of Golubria      Tloc           2%         N/A       93%         4
 Alistair's Intoxication  Tmut/Pois      1%         N/A       100%        5
 Yara's Violent Unravell  Hex/Tmut       1%         3d3       100%        5


Dungeon Overview and Level Annotations

Branches:
Dungeon (2/15)

Altars:

Shops:
D:2 =(


Innate Abilities, Weirdness & Mutations

You are a tree.
Your roots penetrate the ground, keeping you stationary.
You cannot be teleported.
You are immune to unholy pain and torment.
Your maximum health is greatly increased.
Your equipment is partially melded.
((You have very sharp teeth.))
Your uncanny sense of smell can sniff out nearby items.
Your experience applies equally to all skills.
((Armour fits poorly on your strangely shaped body.))
((Your system is resistant to poisons. (rPois)))


Message History

It was a potion of lignification.
You turn into a tree.
Your +0 helmet melds into your body.
Your +0 pair of gloves melds into your body.
Your +0 pair of boots melds into your body.
Your +0 robe melds into your body.
Your roots penetrate the ground.
The gnoll hits you but does no damage.
It was a potion of mutation.
You feel extremely strange.
Your body twists and deforms.
You feel resistant to poisons. The gnoll hits you but does no damage.
It was a potion of cancellation.
Your magical effects are unravelling.
You feel magically purged.
You feel less wooden.
Your +0 helmet unmelds from your body.
Your +0 pair of gloves unmelds from your body.
Your +0 pair of boots unmelds from your body.
Your +0 robe unmelds from your body.
The gnoll barely misses you.
Okay, then.
Okay, then.
You turn into a tree.
Your +0 helmet melds into your body.
Your +0 pair of gloves melds into your body.
Your +0 pair of boots melds into your body.
Your +0 robe melds into your body.
Your roots penetrate the ground.
The gnoll hits you with a +0 flail!
* * * LOW HITPOINT WARNING * * *
You barely miss the gnoll.
The gnoll is moderately wounded.
The gnoll hits you but does no damage.
You hit the gnoll but do no damage.
The gnoll is moderately wounded.
The gnoll hits you but does no damage.
You hit the gnoll but do no damage.
The gnoll is moderately wounded.
The gnoll hits you but does no damage.
You hit the gnoll.
Flame seeps out of the gnoll.
The gnoll is heavily wounded.
The gnoll is engulfed in blazing flames.
The gnoll explodes!
The fiery explosion engulfs you!!
You die...

###........##.# #...#
#.......###.## #####...#####
#.......###..######...........#
#..........#.#.................
#.......##.#.#.####...........#
#.......##.#.#.# ###.#....####
#.......#......# #.#....# #
###########..#.#.# #.#....# #
.....# #.....♣#### #.#....# #
####.# ####......○§.###.##.#.#
####.# #.........§§..##......###
..##.# #.##.#..#...........>...#
#.##.###.##...(......###.#####.#
...............##........#####.##
########.####.####..####.##......
#......# #..#........#.##
######## #..#.#..##..#.#


There were no monsters in sight!

Vanquished Creatures
  A gnoll (D:1)
  A dart slug (D:2)
  2 bats
  2 giant cockroaches (D:1)
  2 hobgoblins (D:1)
  3 ball pythons (D:1)
  2 frilled lizards (D:1)
  2 kobolds (D:1)
15 creatures vanquished.

Notes
Turn   | Place    | Note
-------+----------+-------------------------------------------
     0 | D:1      | croobank the Gnoll Wanderer began the quest for the Orb.
     0 | D:1      | croobank set off with the following items: a +0 dagger, a
                  | scroll of silence, a scroll of blinking, a +0 robe, a
                  | potion of attraction; and the following spells available to
                  | memorise: Necrotise, Kiss of Death, Anguish.
     0 | D:1      | Reached XP level 1. HP: 23/23 MP: 4/4
   327 | D:1      | Reached XP level 2. HP: 27/29 MP: 5/5
   827 | D:2      | Found Qiwah's Jewellery Emporium.
   827 | D:2      | Found Aruiliq's Antique Weapon Shop.
   894 | D:1      | Gained mutation: Armour fits poorly on your strangely
                  | shaped body. [potion of mutation]
   894 | D:1      | Gained mutation: Your system is resistant to poisons.
                  | (rPois) [potion of mutation]
   896 | D:1      | HP: 1/43 [gnoll/+0 flail (7)]
   900 | D:1      | Killed by an exploding gnoll... ignited by their inner
                  | flame

Illustrated notes

Levels and vault maps discovered:
D:1:      minmay_arrival_split_and_join, layout_loops_cross
D:2:      layout_basic, serial_shops, shop, nicolae_shop_tiny_glass, shop_statue

Action                     || total
---------------------------++-------
  Melee: Dagger            ||   100
         Bite              ||    13
         Punch             ||     1
    Use: Potion            ||     5
         Scroll            ||     3
   Stab: Sleeping          ||     3
 Armour: Robe              ||    28
         Skin              ||     5
  Dodge: Dodged            ||    61
